TOP OF THE 1ST |
Birmingham Barons batting - Pitching for Trenton Stars : RHP Roberto Carrillo
|
Pitching: RHP Roberto Carrillo
|
|
Batting: LHB Ron Young
|
0-0: Ball 1-0: Ball 2-0: Ball 3-0: Base on Balls
|
Batting: RHB José Montoya
|
0-0: Called Strike 0-1: Swinging Strike 0-2: Strikes out looking
|
Batting: LHB José Rivera
|
0-0: Called Strike Ron Young steals 2nd base 0-1: Ball 1-1: Called Strike 1-2: Ground out 4-3 (Groundball, 4) Ron Young to third
|
Batting: SHB Randy Anderson
|
0-0: Foul Ball, location: 2F 0-1: Ball 1-1: Ball 2-1: Fly out, F9 (Flyball, 9S)
|
Top of the 1st over - 0 runs, 0 hits, 0 errors, 1 left on base; Birmingham 0 - Trenton 0 |
BOTTOM OF THE 1ST |
Trenton Stars batting - Pitching for Birmingham Barons : RHP Pedro Valdés
|
Pitching: RHP Pedro Valdés
|
|
Batting: RHB Aurelio Cruz
|
0-0: Swinging Strike 0-1: Ball 1-1: Ground out 5-3 (Groundball, 56)
|
Batting: RHB George Reeves
|
0-0: Ball 1-0: Ball 2-0: Ball 3-0: Called Strike 3-1: Base on Balls
|
Batting: LHB Wes Thompson
|
0-0: Ball 1-0: DOUBLE (Flyball, 89XD) George Reeves to third
|
Batting: LHB Gerardo Guzmán
|
0-0: Ball 1-0: Called Strike 1-1: SINGLE (Flyball, 7LS) George Reeves scores Wes Thompson to third
|
Batting: RHB Bill Bourland
|
0-0: Ball Gerardo Guzmán steals 2nd base 1-0: Ball 2-0: Foul Ball, location: 2F 2-1: Ball 3-1: Swinging Strike 3-2: Base on Balls
|
Batting: RHB Norris Howard
|
0-0: Called Strike 0-1: Fielders Choice at 2nd, 6-4 (Groundball, 56) Wes Thompson scores Gerardo Guzmán to third
|
Batting: RHB Roberto Chávez
|
0-0: SINGLE (Flyball, 7S) Gerardo Guzmán scores Norris Howard to second
|
Batting: RHB Jorge Flores
|
0-0: Fly out, F9 (Flyball, 9LM)
|
Bottom of the 1st over - 3 runs, 3 hits, 0 errors, 2 left on base; Birmingham 0 - Trenton 3 |
TOP OF THE 2ND |
Birmingham Barons batting - Pitching for Trenton Stars : RHP Roberto Carrillo
|
Batting: LHB Bob Jones
|
0-0: Ball 1-0: SINGLE (Line Drive, 34)
|
Batting: RHB Fred Moulds
|
0-0: Ball 1-0: Called Strike 1-1: Foul Ball, location: 2F 1-2: Strikes out swinging
|
Batting: RHB Carlos Vásquez
|
0-0: Ball 1-0: Foul Ball, location: 2F 1-1: Foul Ball, location: 2F 1-2: Foul Ball, location: 2F 1-2: Ball 2-2: Foul Ball, location: 2F 2-2: Fly out, F8 (Flyball, 8LM)
|
Batting: LHB Salvador López
|
0-0: Ball 1-0: Called Strike 1-1: Called Strike 1-2: Ball 2-2: Strikes out swinging
|
Top of the 2nd over - 0 runs, 1 hit, 0 errors, 1 left on base; Birmingham 0 - Trenton 3 |
BOTTOM OF THE 2ND |
Trenton Stars batting - Pitching for Birmingham Barons : RHP Pedro Valdés
|
Batting: RHB Dan McKay
|
0-0: Ball 1-0: SOLO HOME RUN (Flyball, 78XD), Distance : 410 ft
|
Batting: RHB Aurelio Cruz
|
0-0: Ground out 3-1 (Groundball, 34S)
|
Batting: RHB George Reeves
|
0-0: Ball 1-0: Fly out, F9 (Flyball, 9LD)
|
Batting: LHB Wes Thompson
|
0-0: Ball 1-0: Ball 2-0: SOLO HOME RUN (Flyball, 9LD), Distance : 338 ft
|
Batting: LHB Gerardo Guzmán
|
0-0: Foul Ball, location: 2F 0-1: Fly out, F9 (Flyball, 9LS)
|
Bottom of the 2nd over - 2 runs, 2 hits, 0 errors, 0 left on base; Birmingham 0 - Trenton 5 |
TOP OF THE 3RD |
Birmingham Barons batting - Pitching for Trenton Stars : RHP Roberto Carrillo
|
Batting: RHB Dave Dawson
|
0-0: Ball 1-0: Ball 2-0: Called Strike 2-1: Foul Ball, location: 2F 2-2: Ball 3-2: Base on Balls
|
Batting: LHB Ron Young
|
0-0: Called Strike 0-1: Ball 1-1: Ball 2-1: Ball 3-1: Swinging Strike 3-2: Fielders Choice at 2nd, 6-4 (Groundball, 6)
|
Batting: RHB José Montoya
|
0-0: SINGLE (Groundball, 56D) Ron Young to second
|
Batting: LHB José Rivera
|
0-0: Ball 1-0: Ball 2-0: Called Strike Ron Young steals 3rd base José Montoya to second 2-1: Ball 3-1: Base on Balls
|
Batting: SHB Randy Anderson
|
0-0: Called Strike 0-1: Ball Wild Pitch! Ron Young scores José Montoya to third José Rivera to second 1-1: Foul Ball, location: 2F 1-2: Foul Ball, location: 2F 1-2: Ball 2-2: Ball 3-2: SINGLE (Groundball, 6MS) (infield hit) José Montoya scores José Rivera to third
|
Batting: LHB Bob Jones
|
0-0: Called Strike Randy Anderson steals 2nd base 0-1: Foul Ball, location: 2F 0-2: Strikes out swinging
|
Batting: RHB Fred Moulds
|
0-0: Ball 1-0: Ball 2-0: Ball 3-0: Called Strike 3-1: Called Strike 3-2: Ground out U3 (Groundball, 34)
|
Top of the 3rd over - 2 runs, 2 hits, 0 errors, 2 left on base; Birmingham 2 - Trenton 5 |
BOTTOM OF THE 3RD |
Trenton Stars batting - Pitching for Birmingham Barons : RHP Pedro Valdés
|
Batting: RHB Bill Bourland
|
0-0: Swinging Strike 0-1: Ball 1-1: Swinging Strike 1-2: Ball 2-2: Ball 3-2: Foul Ball, location: 2F 3-2: Foul Ball, location: 2F 3-2: Base on Balls
|
Batting: RHB Norris Howard
|
0-0: Ball 1-0: Ball 2-0: Ball 3-0: Base on Balls Bill Bourland to second
|
Batting: RHB Roberto Chávez
|
0-0: Ball 1-0: Swinging Strike 1-1: Called Strike 1-2: Ball 2-2: Foul Ball, location: 2F 2-2: Ball 3-2: Foul Ball, location: 2F 3-2: Strikes out looking
|
Batting: RHB Jorge Flores
|
0-0: Ball 1-0: SINGLE (Groundball, 6) (infield hit) Bill Bourland to third Norris Howard to second
|
Batting: RHB Dan McKay
|
0-0: Fly out, F6 (Line Drive, 6)
|
Batting: RHB Aurelio Cruz
|
0-0: Called Strike 0-1: Ball 1-1: Foul Ball, location: 2F 1-2: Ball 2-2: Foul Ball, location: 2F 2-2: Ground out U3 (Groundball, 34S)
|
Bottom of the 3rd over - 0 runs, 1 hit, 0 errors, 3 left on base; Birmingham 2 - Trenton 5 |
TOP OF THE 4TH |
Birmingham Barons batting - Pitching for Trenton Stars : RHP Roberto Carrillo
|
Batting: RHB Carlos Vásquez
|
0-0: Foul Ball, location: 2F 0-1: Foul Ball, location: 2F 0-2: Ball 1-2: Ball 2-2: Ball 3-2: Base on Balls
|
Batting: LHB Salvador López
|
0-0: Ground out 3-1 (Groundball, 34S) Carlos Vásquez to second
|
Batting: RHB Dave Dawson
|
0-0: Ball Carlos Vásquez is caught stealing 3rd base 1-0: Ball 2-0: Foul Ball, location: 2F 2-1: Called Strike 2-2: Strikes out looking
|
Top of the 4th over - 0 runs, 0 hits, 0 errors, 0 left on base; Birmingham 2 - Trenton 5 |
BOTTOM OF THE 4TH |
Trenton Stars batting - Pitching for Birmingham Barons : RHP Pedro Valdés
|
Batting: RHB George Reeves
|
0-0: Foul Ball, location: 2F 0-1: Ball 1-1: Ball 2-1: Foul Ball, location: 2F 2-2: Ball 3-2: Foul Ball, location: 2F 3-2: Base on Balls
|
Batting: LHB Wes Thompson
|
0-0: Swinging Strike 0-1: Ball 1-1: Foul Ball, location: 2F 1-2: Ball 2-2: Hit by Pitch George Reeves to second
|
Batting: LHB Gerardo Guzmán
|
0-0: Called Strike 0-1: Foul Ball, location: 2F 0-2: Ball 1-2: Ball 2-2: Ball 3-2: Foul Ball, location: 2F 3-2: Ground out 4-3 (Groundball, 4D) George Reeves to third Wes Thompson to second
|
Batting: RHB Bill Bourland
|
0-0: Ball 1-0: Foul Ball, location: 2F 1-1: Ball 2-1: Foul Ball, location: 2F 2-2: Strikes out looking
|
Batting: RHB Norris Howard
|
0-0: Called Strike 0-1: Ball Passed Ball! George Reeves scores Wes Thompson to third 1-1: Foul Ball, location: 2F 1-2: SINGLE (Groundball, 56D) Wes Thompson scores
|
Pitching: RHP Ken Lyons
|
|
Batting: RHB Roberto Chávez
|
0-0: Called Strike 0-1: Fielders Choice at 2nd, 5-4 (Groundball, 56)
|
Bottom of the 4th over - 2 runs, 1 hit, 0 errors, 1 left on base; Birmingham 2 - Trenton 7 |
TOP OF THE 5TH |
Birmingham Barons batting - Pitching for Trenton Stars : RHP Roberto Carrillo
|
Batting: LHB Ron Young
|
0-0: Ball 1-0: Called Strike 1-1: Foul Ball, location: 2F 1-2: SINGLE (Groundball, 6) (infield hit)
|
Batting: RHB José Montoya
|
0-0: Fly out, F6 (Line Drive, 6)
|
Batting: LHB José Rivera
|
0-0: Ball Ron Young steals 2nd base 1-0: Ball 2-0: Foul Ball, location: 2F 2-1: Ground out U3 (Groundball, 3) Ron Young to third
|
Batting: SHB Randy Anderson
|
0-0: Swinging Strike 0-1: Foul Ball, location: 2F 0-2: Strikes out looking
|
Top of the 5th over - 0 runs, 1 hit, 0 errors, 1 left on base; Birmingham 2 - Trenton 7 |
BOTTOM OF THE 5TH |
Trenton Stars batting - Pitching for Birmingham Barons : RHP Ken Lyons
|
Batting: RHB Jorge Flores
|
0-0: Called Strike 0-1: Ball 1-1: Ball 2-1: Foul Ball, location: 2F 2-2: Ball 3-2: Strikes out looking
|
Batting: RHB Dan McKay
|
0-0: Called Strike 0-1: Ball 1-1: Called Strike 1-2: Ball 2-2: Foul Ball, location: 2F 2-2: SINGLE (Flyball, 8RS)
|
Batting: RHB Aurelio Cruz
|
0-0: Ball 1-0: Ball 2-0: Called Strike 2-1: SINGLE (Groundball, 56) (infield hit) Dan McKay to second
|
Batting: RHB George Reeves
|
0-0: Ball 1-0: Swinging Strike 1-1: Ball 2-1: Ball 3-1: SINGLE (Groundball, 6MD) Dan McKay to third Aurelio Cruz to second
|
Batting: LHB Wes Thompson
|
0-0: Ball 1-0: Foul Ball, location: 2F 1-1: Ball 2-1: Fly out, F7 (Flyball, 7D) Runner from 3rd tags up, SCORES, no throw Aurelio Cruz to third
|
Batting: LHB Gerardo Guzmán
|
0-0: Called Strike 0-1: Ball 1-1: Swinging Strike 1-2: Ball 2-2: SINGLE (Groundball, 4M) (infield hit) Aurelio Cruz scores George Reeves to second
|
Batting: RHB Bill Bourland
|
0-0: Ball 1-0: Ball 2-0: Called Strike 2-1: Fielders Choice at 2nd, 5-4 (Groundball, 56)
|
Bottom of the 5th over - 2 runs, 4 hits, 0 errors, 2 left on base; Birmingham 2 - Trenton 9 |
TOP OF THE 6TH |
Birmingham Barons batting - Pitching for Trenton Stars : RHP Roberto Carrillo
|
Batting: LHB Bob Jones
|
0-0: Ball 1-0: Ball 2-0: Ball 3-0: Called Strike 3-1: Fly out, F7 (Flyball, 78M)
|
Batting: RHB Fred Moulds
|
0-0: Called Strike 0-1: Ball 1-1: SINGLE (Flyball, 78S)
|
Batting: RHB Carlos Vásquez
|
0-0: Foul Ball, location: 2F 0-1: Ball 1-1: Grounds into double play, 4-6-3 (Groundball, 4)
|
Top of the 6th over - 0 runs, 1 hit, 0 errors, 0 left on base; Birmingham 2 - Trenton 9 |
BOTTOM OF THE 6TH |
Trenton Stars batting - Pitching for Birmingham Barons : RHP Ken Lyons
|
Batting: RHB Norris Howard
|
0-0: Ball 1-0: Ball 2-0: Foul Ball, location: 2F 2-1: Ball 3-1: DOUBLE (Flyball, 8LXD)
|
Batting: RHB Roberto Chávez
|
0-0: Ball 1-0: Ball 2-0: Ball 3-0: SINGLE (Flyball, 6D) Norris Howard to third
|
Batting: RHB Jorge Flores
|
0-0: Ball 1-0: Ball 2-0: Ball Wild Pitch! Norris Howard scores Roberto Chávez to second 3-0: Fly out, F9 (Flyball, 9)
|
Batting: RHB Dan McKay
|
Balk! Roberto Chávez to third 0-0: Swinging Strike 0-1: Called Strike 0-2: Foul Ball, location: 2F 0-2: Foul Ball, location: 2F 0-2: Strikes out looking
|
Batting: RHB Aurelio Cruz
|
0-0: Ball 1-0: Ball 2-0: Foul Ball, location: 2F 2-1: Ground out 4-3 (Groundball, 4)
|
Bottom of the 6th over - 1 run, 2 hits, 0 errors, 1 left on base; Birmingham 2 - Trenton 10 |
TOP OF THE 7TH |
Birmingham Barons batting - Pitching for Trenton Stars : RHP Roberto Carrillo
|
Pitching: LHP Pedro Orozco
|
|
Batting: LHB Salvador López
|
0-0: Called Strike 0-1: Ball 1-1: Fly out, F8 (Flyball, 8RD)
|
Batting: RHB Dave Dawson
|
0-0: Called Strike 0-1: Foul Ball, location: 2F 0-2: Ball 1-2: Strikes out swinging
|
Batting: LHB Ron Young
|
0-0: Ball 1-0: SINGLE (Line Drive, 34)
|
Batting: RHB José Montoya
|
0-0: Ball 1-0: Called Strike 1-1: Called Strike 1-2: Ball 2-2: Ball 3-2: Base on Balls Ron Young to second
|
Batting: LHB José Rivera
|
0-0: Called Strike 0-1: Called Strike 0-2: Foul Ball, location: 2F 0-2: Ball 1-2: Ball 2-2: Foul Ball, location: 2F 2-2: Ball 3-2: Base on Balls Ron Young to third José Montoya to second
|
Batting: SHB Randy Anderson
|
0-0: Foul Ball, location: 2F 0-1: Called Strike 0-2: Ball 1-2: Ball 2-2: Strikes out swinging
|
Top of the 7th over - 0 runs, 1 hit, 0 errors, 3 left on base; Birmingham 2 - Trenton 10 |
BOTTOM OF THE 7TH |
Trenton Stars batting - Pitching for Birmingham Barons : RHP Ken Lyons
|
Batting: RHB George Reeves
|
0-0: Ball 1-0: Called Strike 1-1: Swinging Strike 1-2: SINGLE (Groundball, 56D)
|
Batting: LHB Wes Thompson
|
0-0: Called Strike 0-1: Called Strike 0-2: Strikes out swinging
|
Batting: LHB Gerardo Guzmán
|
0-0: Called Strike George Reeves steals 2nd base 0-1: Ball 1-1: Swinging Strike 1-2: Foul Ball, location: 2F 1-2: Foul Ball, location: 2F 1-2: Ball Passed Ball! George Reeves to third 2-2: Ball 3-2: Ground out U3 (Groundball, 3)
|
Batting: RHB Bill Bourland
|
0-0: Ball 1-0: Ball 2-0: Ball Passed Ball! George Reeves scores 3-0: Called Strike 3-1: Called Strike 3-2: Ground out 6-3 (Groundball, 6)
|
Bottom of the 7th over - 1 run, 1 hit, 0 errors, 0 left on base; Birmingham 2 - Trenton 11 |
TOP OF THE 8TH |
Birmingham Barons batting - Pitching for Trenton Stars : LHP Pedro Orozco
|
Now at 1B: Carlos Pérez
|
|
Now in RF: Emílio Bruno
|
|
Batting: LHB Bob Jones
|
0-0: Called Strike 0-1: Swinging Strike 0-2: Ball 1-2: Ball 2-2: Ball 3-2: SINGLE (Groundball, 4MD)
|
Batting: RHB Fred Moulds
|
0-0: Called Strike 0-1: Ball 1-1: Ball 2-1: Grounds into double play, 6-4-3 (Groundball, 6)
|
Batting: RHB Carlos Vásquez
|
0-0: Called Strike 0-1: Ball 1-1: Foul Ball, location: 2F 1-2: Foul Ball, location: 2F 1-2: Ball 2-2: Ball 3-2: SINGLE (Groundball, 34D)
|
Batting: LHB Salvador López
|
0-0: Ball 1-0: Foul Ball, location: 2F 1-1: Ground out 4-3 (Groundball, 4)
|
Top of the 8th over - 0 runs, 2 hits, 0 errors, 1 left on base; Birmingham 2 - Trenton 11 |
BOTTOM OF THE 8TH |
Trenton Stars batting - Pitching for Birmingham Barons : RHP Ken Lyons
|
Pitching: LHP Jim Sheppard
|
|
Pinch Hitting: RHB Alfredo López
|
0-0: Fly out, F4 (Line Drive, 4)
|
Batting: RHB Roberto Chávez
|
0-0: Ball 1-0: Called Strike 1-1: DOUBLE (Line Drive, 89M)
|
Batting: RHB Jorge Flores
|
0-0: Called Strike Throwing error on steal attempt, E2 Roberto Chávez scores 0-1: Foul Ball, location: 2F 0-2: DOUBLE (Line Drive, 7LM)
|
Batting: RHB Dan McKay
|
0-0: Ball 1-0: Ball 2-0: Called Strike 2-1: Ball 3-1: Ground out 6-3 (Groundball, 6)
|
Batting: RHB Aurelio Cruz
|
0-0: Ball 1-0: Ball 2-0: Foul Ball, location: 2F 2-1: Ball 3-1: Ground out 4-3 (Groundball, 4)
|
Bottom of the 8th over - 1 run, 2 hits, 1 error, 1 left on base; Birmingham 2 - Trenton 12 |
TOP OF THE 9TH |
Birmingham Barons batting - Pitching for Trenton Stars : LHP Pedro Orozco
|
Now in LF: Alfredo López
|
|
Batting: RHB Dave Dawson
|
0-0: Ball 1-0: Ball 2-0: Swinging Strike 2-1: Ball 3-1: Called Strike 3-2: Strikes out swinging
|
Batting: LHB Ron Young
|
0-0: Ground out 6-3 (Groundball, 6)
|
Batting: RHB José Montoya
|
0-0: Called Strike 0-1: Foul Ball, location: 2F 0-2: Ball 1-2: Strikes out swinging
|
Top of the 9th over - 0 runs, 0 hits, 0 errors, 0 left on base; Birmingham 2 - Trenton 12 |
|